[Event "*** SCC Grand Prix: Titled Tuesday Blitz"]
[Site "Chess.com"]
[Date "2020.06.02"]
[Round "6"]
[White "Lenyas66"]
[Black "Sethu0025"]
[Result "1-0"]
[WhiteElo "2525"]
[BlackElo "2772"]
[TimeControl "180+1"]
[EndTime "11:08:32 PDT"]
[Termination "Lenyas66 won by resignation"]

1. e4 c5 2. Nf3 d6 3. Bb5+ Nd7 4. a4 Nf6 5. Nc3 e6 6. O-O Be7 7. a5 a6 8. Be2 O-O 9. d4 cxd4 10. Qxd4 b5 11. axb6 Nxb6 12. Be3 Nfd7 13. Rfd1 Bb7 14. e5 d5 15. Qg4 Re8 16. Bd4 Qc7 17. h4 Nc4 18.
Bxc4 dxc4 19. Ne4 h6 20. Nf6+ Bxf6 21. exf6 g6 22. h5 Bxf3 23. Qxf3 e5 24. Bc3 g5 25.
Ra5 Nb6 26. Qf5 Rad8 27. Rxd8 Qxd8 28. f3 Nd5 29. Rxa6 Ne3 30. Qe4 Qd1+ 31. Kf2 Nxc2 32. Ra8 Rxa8 33. Qxa8+ Kh7 34. Qf8 1-0

[Event "*** SCC Grand Prix: Titled Tuesday Blitz"]
[Site "Chess.com"]
[Date "2020.06.02"]
[Round "6"]
[White "LionTheLeon_06"]
[Black "RestartingChess"]
[Result "1-0"]
[WhiteElo "2685"]
[BlackElo "2491"]
[TimeControl "180+1"]
[EndTime "11:08:32 PDT"]
[Termination "LionTheLeon_06 won by resignation"]

1. d4 Nf6 2. c4 e5 3. dxe5 Ng4 4. Nf3 Bc5 5. e3 Nc6 6. Nc3 Ngxe5 7. Be2 d6 8. O-O O-O 9. b3 a5 10. Bb2 Nxf3+ 11.
Bxf3 Ne5 12. Be2 Bf5 13. Nd5 Re8 14. Qd2 Be4 15. Bd4 Qg5 16. f3 Bxd4 17. Qxd4 Nc6 18.
Qd2 Bxd5 19. cxd5 Qxe3+ 20. Qxe3 Rxe3 21. Kf2 Rxe2+ 22. Kxe2 Nb4 23. Rfd1 Re8+ 24. Kf2 f5 25. a3 Na6 26. Rac1 Kf7 27. Rc3 f4 28. Rd4 g5 29. Ra4 b6 30. b4 Re5 31. bxa5 b5 32. Rd4 Nc5 33. g3 fxg3+ 34. hxg3 Kf6 35. Re3 Rf5 36. g4 Rf4 37. Rxf4+ gxf4 38. Re8 1-0

[Event "*** SCC Grand Prix: Titled Tuesday Blitz"]
[Site "Chess.com"]
[Date "2020.06.02"]
[Round "6"]
[White "Boninknights"]
[Black "ClassyEl"]
[Result "0-1"]
[WhiteElo "2398"]
[BlackElo "2580"]
[TimeControl "180+1"]
[EndTime "11:08:33 PDT"]
[Termination "ClassyEl won by checkmate"]

1. d4 Nf6 2. Nf3 e6 3. c4 c5 4.
d5 exd5 5. cxd5 Bd6 6. Nc3 Bc7 7. g3 d6 8. Bg2 O-O 9. O-O a6 10. a4 Nbd7 11. Bg5 Re8 12. Nd2 Rb8 13. Re1 h6 14.
Bxf6 Nxf6 15. e4 b5 16. axb5 axb5 17. f4 c4 18. b4 Bb6+ 19. Kh1 Ng4 20. Rf1 Nf2+ 21.
Rxf2 Bxf2 22. Ra5 Bd7 23. Nf3 Bb6 24. Ra3 Ra8 25. Rxa8 Qxa8 26. e5 Qa3 27. Ne4 dxe5 28. Nxe5 Bf5 29. g4 Bxe4 30. Bxe4 Qxb4 31. d6 Qc5 32. d7 Rd8 33. Bd5 Kf8 34. Bxf7 Qe3 35.
Qd5 Qg1# 0-1

[Event "*** SCC Grand Prix: Titled Tuesday Blitz"]
[Site "Chess.com"]
[Date "2020.06.02"]
[Round "6"]
[White "Sanyura"]
[Black "tteshan"]
[Result "1-0"]
[WhiteElo "2532"]
[BlackElo "2243"]
[TimeControl "180+1"]
[EndTime "11:08:33 PDT"]
[Termination "Sanyura won by resignation"]

1. e4 c5 2. Nf3 e6 3. d4 cxd4 4. Nxd4 a6 5. Bd3 Nf6 6. O-O Qc7 7. Qe2 d6 8. b3 Be7 9. Bb2 O-O 10. c4 Nbd7 11.
Nc3 Nc5 12. Rae1 b6 13. Bb1 Bb7 14. f4 Rfe8 15. Kh1 Rac8 16. Qf2 Bf8 17. e5 Nfd7 18. b4 dxe5 19. fxe5 Nxe5 20. bxc5 Bxc5 21. Ne4 Nxc4 22. Nxc5 bxc5 23. Qc2 cxd4 24. Qxh7+ Kf8 25. Bxd4 e5 26. Qh8+ Ke7 27. Qxg7 Rf8 28. Bxe5 Qc6 29. Qg5+ f6 30.
Bxf6+ Kd7 31. Qg7+ Kd6 32. Be7+ Kc7 33. Bd6+ Kxd6 34.
Qe7+ Kd5 35. Be4+ Kd4 36. Bxc6 Bxc6 37. Rxf8 1-0

[Event "*** SCC Grand Prix: Titled Tuesday Blitz"]
[Site "Chess.com"]
[Date "2020.06.02"]
[Round "6"]
[White "lelajavakhishvili"]
[Black "PowerThinking2650"]
[Result "1/2-1/2"]
[WhiteElo "2491"]
[BlackElo "2274"]
[TimeControl "180+1"]
[EndTime "11:08:33 PDT"]
[Termination "Game drawn by agreement"]

1. d4 Nf6 2. c4 g6 3. Nf3 Bg7 4. g3 O-O 5. Bg2 d6 6. O-O Nbd7 7. b3 e5 8. dxe5 dxe5 9. Ba3 Re8 10. Nc3 e4 11. Nd4 e3 12. f4 Ng4 13. Ne4 a6 14. Qd3 c5 15. Nc2 Bxa1 16. Rxa1 Qe7 17. Bb2 Nf2 18.
Qc3 f6 19. Nxf6+ Nxf6 20. Qxf6 Qxf6 21. Bxf6 Bf5 22. Rc1 1/2-1/2

[Event "*** SCC Grand Prix: Titled Tuesday Blitz"]
[Site "Chess.com"]
[Date "2020.06.02"]
[Round "6"]
[White "Muracle"]
[Black "OK97"]
[Result "0-1"]
[WhiteElo "2596"]
[BlackElo "2769"]
[TimeControl "180+1"]
[EndTime "11:08:34 PDT"]
[Termination "OK97 won by resignation"]

1. d4 Nf6 2. c4 e6 3. g3 d5 4. Bg2 dxc4 5. Nf3 a6 6. O-O Nc6 7. Nc3 Rb8 8. e4 b5 9. d5 Nb4 10. a3 Nd3 11. Bg5 Be7 12. b3 O-O 13. bxc4 Nb2 14.
Qe2 Nxc4 15. Rad1 Qe8 16. Nd4 h6 17. Bc1 Bd7 18. e5 Nxd5 19. Nxd5 exd5 20. Bxd5 c5 21. e6 cxd4 22. exf7+ Rxf7 23. Rxd4 Bf6 24. Re4 Qf8 25. Qh5 Nd6 26. Rf4 Kh8 27. Bxf7 Qxf7 28.
Qd1 Nc4 29. Re1 Bc6 30. h4 Re8 31. Rxe8+ Qxe8 0-1

[Event "*** SCC Grand Prix: Titled Tuesday Blitz"]
[Site "Chess.com"]
[Date "2020.06.02"]
[Round "6"]
[White "platy3"]
[Black "GMBenjaminBok"]
[Result "1-0"]
[WhiteElo "2754"]
[BlackElo "2899"]
[TimeControl "180+1"]
[EndTime "11:08:35 PDT"]
[Termination "platy3 won by resignation"]

1. e4 c6 2. Nf3 d5 3. d3 Bg4 4. h3 Bh5 5. Qe2 e6 6. g3 Nf6 7. Bg2 Be7 8. O-O O-O 9. g4 Bg6 10. Ne5 Nbd7 11. Nxg6 hxg6 12. f4 dxe4 13. dxe4 Qc7 14.
e5 Nd5 15. c4 Qb6+ 16. Kh1 Qa6 17. b3 Rad8 18. Bf3 Nb4 19. Nc3 Nc5 20. Be3 Rd3 21.
Ne4 Nxe4 22. Bxe4 Rd7 23. f5 exf5 24. gxf5 Bd8 25. fxg6 fxg6 26. Rxf8+ Kxf8 27. Rf1+ Rf7 28. e6 Rxf1+ 29. Qxf1+ Bf6 30. Bc5+ Kg8 31. e7 Kf7 32. Bxg6+ 1-0

[Event "*** SCC Grand Prix: Titled Tuesday Blitz"]
[Site "Chess.com"]
[Date "2020.06.02"]
[Round "6"]
[White "Volodar_Murzin"]
[Black "Superfelix"]
[Result "1-0"]
[WhiteElo "2706"]
[BlackElo "2495"]
[TimeControl "180+1"]
[EndTime "11:08:35 PDT"]
[Termination "Volodar_Murzin won by resignation"]

1. e4 c6 2. Nf3 g6 3. d4 d5 4. Nc3 dxe4 5. Nxe4 Nf6 6. Nxf6+ exf6 7. Bc4 Bg7 8. Qe2+ Qe7 9. Qxe7+ Kxe7 10. h3 Be6 11. Bxe6 fxe6 12. O-O Nd7 13. Re1 Kf7 14. c3 Rhe8 15. Bf4 a5 16. a4 Nb6 17. Nd2 Nd5 18.
Bh2 f5 19. Nc4 Re7 20. Bd6 Rd7 21. Bc5 Nf4 22. Nb6 Rad8 23. Nxd7 Rxd7 24. Rad1 b5 25. Kh2 Nd5 26. Ra1 b4 27. cxb4 Nxb4 28. Red1 Nc2 29.
Rac1 Nxd4 30. Bb6 Rd5 31. f4 g5 32. Rc4 Nf3+ 33. gxf3 Rxd1 34. Bxa5 Bxb2 35. fxg5 Be5+ 36.
f4 Bd4 37. Bc7 c5 38. a5 Rd2+ 39. Kg3 Kg6 40. Ra4 e5 41. Bxe5 Bxe5 42. fxe5 Kxg5 43. h4+ Kg6 44. a6 Rd8 45. Kf4 Ra8 46. a7 c4 47.
Ra6+ Kh5 48. e6 c3 49. e7 c2 50. Rc6 1-0

[Event "*** SCC Grand Prix: Titled Tuesday Blitz"]
[Site "Chess.com"]
[Date "2020.06.02"]
[Round "6"]
[White "Sam_ChessMood"]
[Black "BakaPG"]
[Result "0-1"]
[WhiteElo "2836"]
[BlackElo "2701"]
[TimeControl "180+1"]
[EndTime "11:08:37 PDT"]
[Termination "BakaPG won by resignation"]

1. e4 e6 2. d4 d5 3. Nc3 Nf6 4. e5 Nfd7 5. f4 c5 6. Nf3 Nc6 7. Be3 cxd4 8. Nxd4 Bc5 9. Qd2 O-O 10. O-O-O a6 11.
Nb3 Bb4 12. Kb1 b5 13. Bd3 Nb6 14. Nd4 Bd7 15. Nxc6 Bxc6 16. Bd4 Nc4 17. Qe2 a5 18. g4 Re8 19. g5 a4 20. a3 Bf8 21. Na2 Rb8 22. c3 Na5 23. Nc1 Bd7 24. Qe3 Nc6 25. Ne2 Nxd4 26. Nxd4 Bc5 27. h4 Qe7 28. h5 Rec8 29.
Rh2 Bxa3 30. bxa3 Qxa3 31. Ra2 Qxc3 32. Ne2 Qb3+ 33. Rb2 Qxd1+ 34. Ka2 b4 0-1

[Event "*** SCC Grand Prix: Titled Tuesday Blitz"]
[Site "Chess.com"]
[Date "2020.06.02"]
[Round "6"]
[White "PotapovaM"]
[Black "theredking89"]
[Result "0-1"]
[WhiteElo "2451"]
[BlackElo "2627"]
[TimeControl "180+1"]
[EndTime "11:08:37 PDT"]
[Termination "theredking89 won on time"]

1. d4 Nf6 2. c4 g6 3. Nc3 Bg7 4.
e4 O-O 5. h3 d6 6. Be3 c5 7. d5 e6 8. Nf3 exd5 9. exd5 Bf5 10. Nd2 Re8 11. Be2 Ne4 12. Ndxe4 Bxe4 13. Nxe4 Rxe4 14.
O-O Nd7 15. Qc2 Qe7 16. Bf3 Rxe3 17. fxe3 Qxe3+ 18. Kh1 Be5 19. Qf2 Qf4 20. g3 Qxg3 21. Qxg3 Bxg3 22. Kg2 Be5 23. Rae1 f5 24. Rb1 a5 25. b3 Rb8 26. Be2 Kg7 27. a3 Ra8 28.
Bd3 Bd4 29. Rfe1 Ne5 30. Bf1 f4 31. Re4 g5 32. h4 h6 33. Be2 b6 34. Rh1 Rf8 35. Bd1 g4 36. b4 axb4 37. axb4 f3+ 38.
Kg3 h5 39. Ba4 Ra8 40. Bc6 Ra2 41. Rh2 Ra1 42. Kf4 Kf6 43. bxc5 Ng6+ 44. Kg3 Rg1+ 0-1

[Event "*** SCC Grand Prix: Titled Tuesday Blitz"]
[Site "Chess.com"]
[Date "2020.06.02"]
[Round "6"]
[White "Gromes7"]
[Black "Barmen_EV"]
[Result "0-1"]
[WhiteElo "2041"]
[BlackElo "2375"]
[TimeControl "180+1"]
[EndTime "11:08:37 PDT"]
[Termination "Barmen_EV won by resignation"]

1. d4 Nf6 2. g3 d5 3. Bg2 c5 4.
Nf3 cxd4 5. O-O h6 6. Nxd4 e5 7. Nb3 Nc6 8. c4 d4 9. e3 Bg4 10. f3 Be6 11. exd4 exd4 12. Re1 Be7 13. N1d2 O-O 14.
f4 d3 15. Qf3 Bg4 16. Qf2 Nb4 17. Re3 Nc2 18. Rb1 Nxe3 19. Qxe3 Re8 20. h3 Be2 21. Bxb7 Rb8 22. Bg2 a5 23. Kh2 a4 24.
Nc5 Qb6 25. Nde4 Nxe4 26. Nxe4 Qe6 27. Qd2 Qxc4 28. Nc3 Bb4 29. Ra1 a3 30. f5 Rbc8 31. f6 axb2 32. Bxb2 Bxc3 33. Bxc3 Qxc3 34. Qf4 Qxa1 35.
fxg7 Qxg7 36. Bd5 Rc2 37. h4 Bg4+ 38. Kg1 Re1+ 0-1

[Event "*** SCC Grand Prix: Titled Tuesday Blitz"]
[Site "Chess.com"]
[Date "2020.06.02"]
[Round "6"]
[White "mirochka"]
[Black "Bubachess1608"]
[Result "0-1"]
[WhiteElo "2173"]
[BlackElo "2321"]
[TimeControl "180+1"]
[EndTime "11:08:37 PDT"]
[Termination "Bubachess1608 won on time"]

1. e4 c5 2. b4 cxb4 3. a3 b3 4.
cxb3 d5 5. e5 Nc6 6. Nf3 Bg4 7.
Bb2 e6 8. Be2 Rc8 9. O-O Qb6 10.
b4 Nh6 11. h3 Bxf3 12. Bxf3 Nf5 13. Bg4 Nfd4 14. Re1 g6 15. Kh2 h5 16. Be2 Nxe5 17. Nc3 Bd6 18. Kh1 O-O 19. Bxh5 Nd3 20. Qb1 Nxf2+ 21.
Kg1 gxh5 22. Re3 Nf5 23. Nxd5 Qd8 24. Nf6+ Kh8 25. Nxh5+ Kh7 26. Nf6+ Kg6 27. Rg3+ Bxg3 0-1

[Event "*** SCC Grand Prix: Titled Tuesday Blitz"]
[Site "Chess.com"]
[Date "2020.06.02"]
[Round "6"]
[White "ARTHURMOTIVATOR"]
[Black "MFguimaraes"]
[Result "0-1"]
[WhiteElo "2209"]
[BlackElo "2421"]
[TimeControl "180+1"]
[EndTime "11:08:39 PDT"]
[Termination "MFguimaraes won on time"]

1. e4 e5 2. Nc3 Nf6 3. g3 Nc6 4. Bg2 Bc5 5. Nge2 d6 6. O-O a6 7. d3 h6 8. h3 O-O 9. Kh2 Nd4 10. Nxd4 Bxd4 11. Ne2 Bc5 12. c3 c6 13. d4 Bb6 14.
Be3 Re8 15. dxe5 dxe5 16. Qxd8 Bxd8 17. Rad1 Be6 18. b3 Ba5 19. f4 exf4 20. gxf4 Bf5 21. e5 Be4 22. Bxe4 Nxe4 23. Rd7 Bxc3 24. Rxb7 a5 25.
Bd4 Bb4 26. f5 Nc5 27. Rg1 Nxb7 28. e6 Bf8 29. Nf4 Nd6 30. f6 g5 31. h4 fxe6 32. hxg5 e5 33. g6 exd4 34. g7 Nf5 35. Rg6 Re4 36.
gxf8=Q+ Kxf8 37. Rg4 Kf7 0-1

[Event "*** SCC Grand Prix: Titled Tuesday Blitz"]
[Site "Chess.com"]
[Date "2020.06.02"]
[Round "6"]
[White "Norival"]
[Black "Quaternitychess"]
[Result "1-0"]
[WhiteElo "2661"]
[BlackElo "2809"]
[TimeControl "180+1"]
[EndTime "11:08:40 PDT"]
[Termination "Norival won on time"]

1. d4 d5 2. Nf3 Bf5 3. Bf4 e6 4. e3 Bd6 5. Bg3 Nf6 6. Nbd2 Ne4 7. Nxe4 dxe4 8. Nd2 h5 9. Bxd6 cxd6 10. f3 exf3 11.
Qxf3 Nc6 12. c3 d5 13. Be2 Bg4 14. Qf2 Bxe2 15. Qxe2 f5 16. O-O-O Qg5 17. Kb1 O-O 18. Nf3 Qf6 19. c4 Rad8 20. h4 f4 21. e4 Qg6 22.
Rhe1 Rf6 23. Ka1 dxc4 24. Qxc4 Qxg2 25. Ng5 Re8 26. d5 Ne5 27. Qa4 Rc8 28. Rc1 Rxc1+ 29.
Rxc1 Rf8 30. Nxe6 Qd2 31. Rd1 b5 32. Rxd2 bxa4 33. Nxf8 Kxf8 34. Rf2 f3 35. Kb1 Ke7 36. Kc2 Kd6 37. Kd2 Nc4+ 38. Kc3 Ne5 39. Kd4 a5 40. a3 1-0

[Event "*** SCC Grand Prix: Titled Tuesday Blitz"]
[Site "Chess.com"]
[Date "2020.06.02"]
[Round "6"]
[White "XDPS"]
[Black "Papa12341234"]
[Result "0-1"]
[WhiteElo "2678"]
[BlackElo "2554"]
[TimeControl "180+1"]
[EndTime "11:08:40 PDT"]
[Termination "Papa12341234 won by checkmate"]

1. e4 c5 2. Nf3 d6 3. d4 Nf6 4. Nc3 cxd4 5. Nxd4 a6 6. Be2 e5 7. Nf3 Be7 8. Bg5 Nbd7 9. O-O b5 10. a4 b4 11. Nd5 Bb7 12. Nxe7 Qxe7 13. Bd3 h6 14. Bh4 g5 15. Bg3 Nxe4 16. Re1 Nxg3 17. hxg3 d5 18. Nxe5 Nxe5 19. f4 gxf4 20. gxf4 Qc5+ 21. Kh1 O-O-O 22. Rxe5 Kb8 23. Qe2 f6 24. Re7 Rhg8 25. Re1 d4 26. Rxb7+ Kxb7 27. Qf3+ Ka7 28. Re6 Rd5 29. f5 Rgd8 30.
Rxa6+ Kb8 31. Rxf6 R8d6 32. Qf4 Ka7 33. Rf7+ Rd7 34. Rf6 R7d6 35. Rf7+ Rd7 36. Rxd7+ Rxd7 37. Qxh6 Qe5 38. Qa6+ Kb8 39. Qb6+ Rb7 40. Qd8+ Ka7 41.
f6 Qe1+ 42. Kh2 Qh4+ 43. Kg1 Qe1+ 44. Bf1 Qe3+ 45. Kh1 Rh7# 0-1

[Event "*** SCC Grand Prix: Titled Tuesday Blitz"]
[Site "Chess.com"]
[Date "2020.06.02"]
[Round "6"]
[White "SoltaniciR"]
[Black "DenLaz"]
[Result "0-1"]
[WhiteElo "2452"]
[BlackElo "2633"]
[TimeControl "180+1"]
[EndTime "11:08:40 PDT"]
[Termination "DenLaz won on time"]

1. e4 e5 2. Nf3 Nc6 3. Bb5 a6 4. Ba4 Nf6 5. O-O Be7 6. Re1 b5 7. Bb3 d6 8. c3 O-O 9. d3 Bb7 10.
Nbd2 Re8 11. Nf1 Bf8 12. Bg5 Nb8 13. Ng3 Nbd7 14. h3 g6 15. Qd2 Bg7 16. d4 c5 17.
d5 c4 18. Bc2 Nc5 19. Nh2 Qc7 20. f4 exf4 21. Bxf4 Nfd7 22. Nf3 Ne5 23. b4 Ncd3 24. Rf1 Nxf4 25. Qxf4 Re7 26. a4 Nd3 27. Qd2 Rae8 28. axb5 axb5 29. Bxd3 cxd3 30. Qxd3 Qxc3 31. Qxc3 Bxc3 32.
Ra5 Bxb4 33. Rxb5 Bc5+ 34. Rxc5 dxc5 35. Rc1 Rc8 36. Nd2 f5 37. exf5 Bxd5 38. fxg6 hxg6 39. Nb1 Re3 40. Kf2 Rd3 41. Nc3 Rf8+ 42. Kg1 Ba8 43. Nge2 Rd2 44. Rb1 Kg7 45. Rb6 Rf7 46. Rb5 Rc7 47.
Nf4 Rd6 0-1

[Event "*** SCC Grand Prix: Titled Tuesday Blitz"]
[Site "Chess.com"]
[Date "2020.06.02"]
[Round "6"]
[White "diablanni"]
[Black "harperchesstt"]
[Result "1-0"]
[WhiteElo "2336"]
[BlackElo "2180"]
[TimeControl "180+1"]
[EndTime "11:08:40 PDT"]
[Termination "diablanni won on time"]

1. e4 c5 2. Nf3 d6 3. Bb5+ Bd7 4.
Bxd7+ Qxd7 5. c4 Nf6 6. Nc3 g6 7. d4 cxd4 8. Nxd4 Bg7 9. b3 O-O 10. Bb2 Rc8 11. O-O a6 12. Re1 Nc6 13. Nxc6 bxc6 14.
Na4 Rab8 15. e5 Ne8 16. exd6 Bxb2 17. Nxb2 exd6 18. Qd4 Ng7 19. Rad1 Nf5 20. Qf4 h5 21. Na4 Re8 22. Nc5 Rxe1+ 23. Rxe1 Qa7 24. Ne4 Qe7 25. Rd1 Re8 26. Ng3 Nxg3 27. hxg3 Rd8 28.
Kf1 d5 29. cxd5 cxd5 30. Qd4 Qe6 31. Rc1 a5 32. Kg1 Rb8 33. Rc5 1-0

[Event "*** SCC Grand Prix: Titled Tuesday Blitz"]
[Site "Chess.com"]
[Date "2020.06.02"]
[Round "6"]
[White "NFChess13"]
[Black "bmt011"]
[Result "0-1"]
[WhiteElo "2364"]
[BlackElo "2105"]
[TimeControl "180+1"]
[EndTime "11:08:41 PDT"]
[Termination "bmt011 won by checkmate"]

1. e4 e6 2. d4 d5 3. Nd2 Nf6 4.
e5 Nfd7 5. Bd3 c5 6. c3 Nc6 7.
Ngf3 f6 8. exf6 Qxf6 9. O-O cxd4 10. cxd4 Bd6 11. a3 O-O 12. b4 e5 13. b5 Nxd4 14.
Nxd4 exd4 15. Bb2 Nc5 16. Nf3 Bg4 17. Be2 Bxf3 18. Bxf3 Qf4 19. Bxd5+ Kh8 20. g3 Qe5 21. Bxd4 Qf5 22. Rc1 b6 23. Bxa8 Rxa8 24. Qc2 Qf7 25. Qc4 Qf5 26. Rfe1 Rf8 27. Rcd1 Ne4 28. Bxg7+ Kxg7 29.
Qxe4 Qxf2+ 30. Kh1 Bxa3 31. Rd7+ Rf7 32. Rxf7+ Qxf7 33. Qd4+ Kg8 34. Qd8+ Bf8 35. Qa8 Qf2 36.
Qe4 Bc5 37. Qe6+ Kg7 38. Qe5+ Kg8 39. Rd1 Qf3# 0-1

[Event "*** SCC Grand Prix: Titled Tuesday Blitz"]
[Site "Chess.com"]
[Date "2020.06.02"]
[Round "6"]
[White "Abund"]
[Black "Savva09022009"]
[Result "1-0"]
[WhiteElo "2603"]
[BlackElo "2389"]
[TimeControl "180+1"]
[EndTime "11:08:42 PDT"]
[Termination "Abund won by checkmate"]

1. d4 Nf6 2. c4 e6 3. Nc3 Bb4 4. f3 c5 5. d5 b5 6. e4 bxc4 7. Bxc4 O-O 8. Ne2 exd5 9. Bxd5 Nxd5 10. Qxd5 Nc6 11. O-O Ba6 12. Rd1 Qb6 13. Be3 Rac8 14. Rab1 Rfd8 15. a3 Bxc3 16. bxc3 Qa5 17. Ng3 Qxc3 18. Bg5 Re8 19. Nf5 g6 20. Nd6 Ne5 21. Bf6 Nxf3+ 22. gxf3 Qxf6 23. Nxc8 Bxc8 24. Rb3 Kg7 25.
Qxc5 Re5 26. Qxc8 Rg5+ 27. Kh1 Qe6 28. Qc3+ f6 29. Rb7 Qh3 30. Rdxd7+ Kh6 31. Rxh7# 1-0

[Event "*** SCC Grand Prix: Titled Tuesday Blitz"]
[Site "Chess.com"]
[Date "2020.06.02"]
[Round "6"]
[White "Ginger_GM"]
[Black "JesseKraai"]
[Result "1-0"]
[WhiteElo "2596"]
[BlackElo "2438"]
[TimeControl "180+1"]
[EndTime "11:08:44 PDT"]
[Termination "Ginger_GM won by resignation"]

1. e4 e6 2. Nf3 d5 3. e5 c5 4. b4 cxb4 5. d4 Nc6 6. a3 Nh6 7. axb4 Bxb4+ 8. c3 Be7 9. h4 Bd7 10. Bd3 b5 11. Na3 b4 12. Nb5 bxc3 13. Bg5 f6 14. exf6 Bxf6 15. Nd6+ Ke7 16. Qc1 Kxd6 17. Qa3+ Kc7 18.
Bf4+ e5 19. dxe5 Qe7 20. Qxc3 Ng4 21. O-O Nxe5 22. Nxe5 Bxe5 23. Rfe1 Rhe8 24. Bxe5+ Qxe5 25. Rxe5 Rxe5 26. Rc1 Rae8 27. Bb5 d4 28. Qa5+ Kd6 29. Qa3+ Kd5 30. Bxc6+ Bxc6 31. Qc5+ Ke6 32. Qxc6+ Kf5 33. Qd7+ Ke4 34. Re1+ Kd3 35. Rd1+ Ke2 36. Qxd4 1-0

[Event "*** SCC Grand Prix: Titled Tuesday Blitz"]
[Site "Chess.com"]
[Date "2020.06.02"]
[Round "6"]
[White "deribas12345"]
[Black "Susal_De_Silva"]
[Result "1-0"]
[WhiteElo "2563"]
[BlackElo "2352"]
[TimeControl "180+1"]
[EndTime "11:08:44 PDT"]
[Termination "deribas12345 won by resignation"]

1. d4 Nf6 2. c4 e6 3. Nc3 Bb4 4. f3 c5 5. a3 Bxc3+ 6. bxc3 Qa5 7. Bd2 d6 8. e4 e5 9. d5 Nbd7 10. Bd3 Nb6 11. Ne2 Bd7 12. a4 a6 13. O-O O-O 14. f4 Bg4 15. fxe5 dxe5 16. Rxf6 gxf6 17. Bh6 Kh8 18. Bxf8 Rxf8 19. Qd2 Rg8 20. Rf1 Nd7 21. Ng3 Qxa4 22. Qh6 Rg6 23. Qe3 Qa5 24. h3 Qxc3 25.
hxg4 Rxg4 26. Nf5 a5 27. Qh3 Rg6 28. Ne7 Rg5 29. Qxd7 Qxd3 30. Qe8+ Kg7 31. Qg8+ Kh6 32. Rxf6+ Kh5 33. Qxh7+ Kg4 34. Qh3+ Qxh3 35. gxh3+ Kxh3+ 36. Kf2 Rg4 37. Rh6+ 1-0

[Event "*** SCC Grand Prix: Titled Tuesday Blitz"]
[Site "Chess.com"]
[Date "2020.06.02"]
[Round "6"]
[White "MPGM"]
[Black "GodDMuhammad"]
[Result "1-0"]
[WhiteElo "2540"]
[BlackElo "2306"]
[TimeControl "180+1"]
[EndTime "11:08:45 PDT"]
[Termination "MPGM won by resignation"]

1. d4 Nf6 2. c4 e6 3. Nf3 b6 4.
g3 Bb7 5. Bg2 Be7 6. O-O O-O 7.
Nc3 Na6 8. d5 exd5 9. cxd5 Nc5 10. Nd4 a5 11. Re1 d6 12. e4 Re8 13. h3 Nfd7 14. f4 Bf6 15. Be3 Nf8 16. Qd2 g6 17.
Nc6 Qd7 18. Kh2 Bxc3 19. Qxc3 Nxe4 20. Qc2 Nc5 21. Bd4 Rxe1 22. Rxe1 Re8 23. Qd2 Ba6 24. Bc3 f6 25. Re3 Na4 26. Bd4 Nc5 27. Qe1 Rxe3 28. Qxe3 Qf7 29. g4 Bc4 30. b3 Bxd5 31. Bxd5 Qxd5 32.
Ne7+ 1-0

[Event "*** SCC Grand Prix: Titled Tuesday Blitz"]
[Site "Chess.com"]
[Date "2020.06.02"]
[Round "6"]
[White "kidagent"]
[Black "vasblesk"]
[Result "0-1"]
[WhiteElo "2191"]
[BlackElo "2404"]
[TimeControl "180+1"]
[EndTime "11:08:45 PDT"]
[Termination "vasblesk won by resignation"]

1. e4 Nf6 2. Nc3 e5 3. Nf3 Nc6 4. Bb5 Bb4 5. O-O O-O 6. d4 exd4 7. Nxd4 Bxc3 8. bxc3 Nxe4 9. Re1 Nxc3 10. Nxc6 dxc6 11. Qxd8 Rxd8 12. Bc4 Bf5 13. Bb2 Nd5 14. Rac1 Re8 15. Red1 Be6 16. Bf1 Rad8 17. h3 Nb4 18. a3 Rxd1 19. Rxd1 Nd5 20. g3 Nf6 21. Bg2 Bd5 22. Bxf6 Bxg2 23. Rd8 Rxd8 24. Bxd8 Bxh3 25. Bxc7 Bf5 26.
c3 f6 27. Kg2 Kf7 28. Kf3 Ke6 29. Ke3 Kd5 30. Kd2 Kc4 31. Bd6 Kb3 32. Bf8 g6 33. Be7 Be6 34. Bxf6 Kxa3 35. Kc1 Kb3 36. Kd2 a5 37.
Kc1 Bf5 0-1

[Event "*** SCC Grand Prix: Titled Tuesday Blitz"]
[Site "Chess.com"]
[Date "2020.06.02"]
[Round "6"]
[White "MarcoRiehle"]
[Black "ChelsieMonica"]
[Result "1-0"]
[WhiteElo "2629"]
[BlackElo "2451"]
[TimeControl "180+1"]
[EndTime "11:08:46 PDT"]
[Termination "MarcoRiehle won by resignation"]

1. e4 e5 2. Nf3 Nc6 3. Bc4 Bc5 4. O-O Nf6 5. d4 Bxd4 6. Nxd4 Nxd4 7. Bg5 d6 8. f4 Qe7 9. Na3 c6 10. fxe5 dxe5 11.
c3 Ne6 12. Bxf6 gxf6 13. Qf3 Nf4 14. g3 Rg8 15. Kh1 Bg4 16. Qf2 Bh3 17. gxf4 Bg2+ 18.
Qxg2 Rxg2 19. Kxg2 O-O-O 20. f5 Qc5 21. Rad1 Rg8+ 22. Kf3 b5 23. Bxf7 Rg7 24. Be6+ Kc7 25. Nc2 a5 26. Ne3 a4 27. Rg1 Re7 28. a3 Kb6 29. Rg8 Rb7 30. Rgd8 Qe7 31. Rg8 h5 32.
Rdd8 Qh7 33. Rg6 h4 34. h3 Qh5+ 35. Ng4 Qh7 36. Nxf6 Qe7 37. Rd2 Qc5 38. Nd7+ Rxd7 39. Bxd7 Qe7 40. Bxc6 Ka5 41. Rd5 Qa7 42. Rxb5+ Ka6 43.
Bd7+ 1-0

[Event "*** SCC Grand Prix: Titled Tuesday Blitz"]
[Site "Chess.com"]
[Date "2020.06.02"]
[Round "6"]
[White "Semetey"]
[Black "penguingm1"]
[Result "1-0"]
[WhiteElo "2544"]
[BlackElo "2914"]
[TimeControl "180+1"]
[EndTime "11:08:47 PDT"]
[Termination "Semetey won on time"]

1. d4 d5 2. Bf4 Nf6 3. Nc3 e6 4. Nb5 Bb4+ 5. c3 Ba5 6. b4 Bb6 7. e3 Ne4 8. Bd3 f5 9. Qh5+ g6 10. Qh6 Qe7 11. f3 Nd6 12. Nh3 Nc6 13. O-O a6 14.
Nxd6+ cxd6 15. Kh1 Bd7 16. a4 e5 17. Bg5 Qf8 18. Qh4 h6 19. Bf6 Rh7 20. dxe5 dxe5 21. e4 dxe4 22. fxe4 f4 23. b5 axb5 24. axb5 Rxa1 25.
Rxa1 Na7 26. Bxe5 Qc5 27. Bd4 Qc7 28. e5 Re7 29. Bxg6+ Kd8 30. Nxf4 Bxd4 31. cxd4 Qc4 32. h3 Nxb5 33. Ra8+ Bc8 34. Qf6 Nxd4 35. Qf8+ Kd7 36. e6+ Nxe6 37. Nxe6 Qc1+ 38. Kh2 1-0

[Event "*** SCC Grand Prix: Titled Tuesday Blitz"]
[Site "Chess.com"]
[Date "2020.06.02"]
[Round "6"]
[White "grzechu96"]
[Black "nikitakhoroshev"]
[Result "1-0"]
[WhiteElo "2632"]
[BlackElo "2452"]
[TimeControl "180+1"]
[EndTime "11:08:48 PDT"]
[Termination "grzechu96 won by resignation"]

1. e4 e6 2. d4 d5 3. Nc3 Nc6 4. e5 f6 5. Bb5 fxe5 6. Qh5+ g6 7. Qxe5 Nf6 8. Bg5 Be7 9. Nxd5 Qxd5 10. Bxf6 O-O 11.
Bxc6 Bxf6 12. Qxd5 exd5 13. Bxd5+ Kg7 14. Ne2 Rd8 15. Bf3 Bxd4 16. Nxd4 Rxd4 17. Rd1 Rxd1+ 18. Kxd1 Bf5 19. Kc1 c6 20. Rd1 Re8 21. a4 a5 22.
b3 g5 23. h3 Kf6 24. Kb2 Be6 25. Rd2 h6 26. Kc3 Rc8 27. b4 b6 28. bxa5 bxa5 29.
Rd6 Ke5 30. Rxe6+ 1-0

[Event "*** SCC Grand Prix: Titled Tuesday Blitz"]
[Site "Chess.com"]
[Date "2020.06.02"]
[Round "6"]
[White "Zurability"]
[Black "Shtembuliak"]
[Result "0-1"]
[WhiteElo "2713"]
[BlackElo "2881"]
[TimeControl "180+1"]
[EndTime "11:08:50 PDT"]
[Termination "Shtembuliak won by resignation"]

1. Nf3 g6 2. d4 Bg7 3. e4 d6 4.
c4 e5 5. d5 a5 6. Nc3 Na6 7. Be2 Bd7 8. Be3 Nh6 9. Nd2 f5 10. f3 Nf7 11. Qc2 Bh6 12. Bf2 Qg5 13. g3 Nc5 14. h4 Qe7 15. h5 fxe4 16. Ndxe4 Nxe4 17. Nxe4 Bf5 18. g4 Bxe4 19. Qxe4 Qf6 20. c5 Ke7 21. Rd1 Qf4 22. Qxf4 Bxf4 23. Bd3 Kf6 24. Ke2 a4 25. Bc2 Ra5 26. cxd6 cxd6 27. hxg6 hxg6 28. Rxh8 Nxh8 29. Rd3 Nf7 30. Rc3 Rxd5 31.
Be1 Rb5 32. b3 axb3 33. Bxb3 Ng5 34. Rc7 Ne6 35. Bh4+ g5 36. Bxe6 Kxe6 37. Be1 Rb2+ 38. Kd3 d5 39. Bc3 Rf2 40. Rxb7 Rxf3+ 41. Kc2 d4 42. Bb4 e4 43. a4 d3+ 44. Kb2 Be5+ 45. Ka2 e3 46. a5 d2 47. Rb6+ Kd5 48. Rb5+ Kc4 0-1